 Dungeon Crawl Stone Soup version 0.29.1-15-g9cfb28693d (webtiles) character file.

Game seed: 4564559463896776656

42 Peloso the Trooper (level 3, 0/33 HPs)
             Began as a Minotaur Fighter on Mar 19, 2023.
             Slain by Sigmund
             ... wielding a +0 scythe
              (6 damage)
             ... on level 2 of the Dungeon.
             The game lasted 00:01:55 (990 turns).

Peloso the Trooper (Minotaur Fighter)                Turns: 990, Time: 00:01:55

Health: 0/33       AC: 11    Str: 20    XL:     3   Next: 33%
Magic:  2/2        EV:  5    Int:  5    God:
Gold:   52         SH:  4    Dex: 11    Spells: 2/2 levels left

rFire   + . .      SeeInvis .   a - +0 long sword
rCold   + . .      Faith    .   d - +0 buckler
rNeg    . . .      Spirit   .   c - +0 plate armour
rPois   .          Reflect  .   (helmet restricted)
rElec   .          Harm     .   h - scarf {rC+ rF+}
rCorr   .          Rampage  .   (no gloves)
Will    .....                   (no boots)
Stlth   ..........              (no amulet)
HPRegen 0.11/turn               (no ring)
MPRegen 0.08/turn               (no ring)

@: no status effects
A: horns 2, retaliatory headbutt
a: no special abilities


You were on level 2 of the Dungeon.
You visited 1 branch of the dungeon, and saw 2 of its levels.

You collected 52 gold pieces.

Inventory:

Hand Weapons
 a - a +0 long sword (weapon)
Armour
 b - a +0 scale mail
 c - a +0 plate armour (worn)
 d - a +0 buckler (worn)
 h - a scarf of resistance (worn)
Scrolls
 f - a scroll of fear
 g - a scroll of blinking {unknown}
 i - a scroll of identify {unknown}
 j - a scroll of immolation {unknown}
Potions
 e - 2 potions of might


   Skills:
 + Level 4.2 Fighting
 + Level 3.2 Long Blades
 + Level 4.1 Armour
 + Level 4.0 Shields


You had 2 spell levels left.
You didn't know any spells.
Your spell library was empty.

Dungeon Overview and Level Annotations

Branches:
Dungeon (2/15)

Altars:

Shops:
D:1 :

Annotations:
D:2 Sigmund


Innate Abilities, Weirdness & Mutations

You have a pair of horns on your head.
You reflexively headbutt those who attack you in melee.


Message History

The puff of flame hits you but does no damage.
You closely miss something. Something hits you.
You barely miss something. You block something's attack.
You miss something.
You hear a zap.
A puff of flame appears from out of thin air!
You block the puff of flame.
You hit something but do no damage. Something hits you but does no damage.
You miss something.
You hear some strange, mumbled words.
You are confused.
You hear a zap.
A puff of flame appears from out of thin air!
The puff of flame hits you. You resist.
You see here a +0 dagger.
You bump into the rock wall.
You hear a zap.
A puff of flame appears from out of thin air!
The puff of flame misses you. Something hits you but does no damage.
You barely miss something.
You hear some strange, mumbled words.
Something tries to affect you, but you resist.
You miss something. Your headbutt misses something. Something hits you.
* * * LOW HITPOINT WARNING * * *
You miss something.
You hear a zap.
A puff of flame appears from out of thin air!
The puff of flame hits you but does no damage.
You bump into the rock wall.
You feel less confused. Something hits you but does no damage.
You closely miss something.
You hear a zap.
A puff of flame appears from out of thin air!
The puff of flame hits you. You resist.
* * * LOW HITPOINT WARNING * * *
You miss something. Something hits you but does no damage.
You miss something. Something hits you.
You die...

############....#
................# .#
................# .#
.............#### .#
.............# .#
.............# .#
.............# .#
.............######.#
.............'.)@{.>#
.............######.#
................g.r...
.............(..........
#############....S........
.............
.............
............. ######.


There were no monsters in sight!

Vanquished Creatures
  An adder (D:2)
  4 endoplasms
  4 goblins
  5 hobgoblins
  3 kobolds
  5 ball pythons
  3 bats (D:1)
  A frilled lizard (D:2)
  3 rats
29 creatures vanquished.

Notes
Turn   | Place    | Note
-------+----------+-------------------------------------------
     0 | D:1      | Peloso the Minotaur Fighter began the quest for the Orb.
     0 | D:1      | Reached XP level 1. HP: 19/19 MP: 0/0
   221 | D:1      | Reached XP level 2. HP: 27/27 MP: 1/1
   419 | D:1      | Found Qais Synt's Vocational Training.
   798 | D:2      | Reached XP level 3. HP: 23/33 MP: 2/2
   960 | D:2      | Noticed Sigmund
   990 | D:2      | Slain by Sigmund

Illustrated notes

Levels and vault maps discovered:
D:1:      dpeg_arrival_pits, layout_loops_ring, hangedman_decor_growths,
          nicolae_shop_vocational
D:2:      layout_basic, minmay_misc_feat_rows, uniq_sigmund

Skill      XL: |  1  2  3 |
---------------+----------+-----
Fighting       | 4 |  4.2
Shields        | 4 |  4.0
Armour         | 4 |  4.1
Long Blades    | 3 |  3.2

Action                   || total
-------------------------++-------
Melee: Long sword        ||    90
       Headbutt          ||    11
  Use: Scroll            ||     1
Armor: Scale mail        ||     9
       Plate armour      ||    55
Dodge: Dodged            ||    36
Block: Buckler           ||    28
